AoeStats
← brau_2846

Arena

510154136Analyzed
1v1 RM · 3d ago on Sep 29, 2026· 55m 45s· 2 players
Game mode
Random Map
Map size
Tiny (2 player)
Population
200
Speed
Normal
Resources
Standard
Victory
Conquest
Starting age
Dark Age
Ending age
Imperial Age
RankedLock teamsTeams togetherTeam positionsShared explorationLock speedFull tech treeHidden civsTurbo modeCheats
Victory
Defeat
🇭🇺 Turks · Hungary
599
+16
🇲🇽 Britons · Mexico
606
-16
ZergeNN
12:51 Feudal Age
11:07 Loom
16:50 Castle Age
14:39 Double-Bit Axe
16:11 Stone Mining
17:38 Town Watch
23:08 Horse Collar
24:30 Heavy Plow
25:41 Bow Saw
27:19 Wheelbarrow
27:27 Gold Mining
34:15 Imperial Age
32:25 Town Patrol
33:58 Gold Shaft Mining
34:18 Hand Cart
36:44 Two-Man Saw
39:11 Artillery
41:50 Hoardings
40:36 Elite Janissary
41:36 Conscription
41:28 Forging
41:18 Scale Mail Armor
41:23 Scale Barding Armor
41:55 Guilds
42:46 Husbandry
42:06 Cavalier
42:07 Heavy Camel Rider
42:58 Bloodlines
43:24 Iron Casting
42:49 Scale Mail Armor
42:54 Scale Barding Armor
42:32 Treadmill Crane
43:14 Ballistics
45:40 Masonry
45:20 Heated Shot
45:41 Fortified Wall
45:27 Murder Holes
45:53 Bombard Tower
45:18 Arrowslits
45:24 Guard Tower
46:36 Blast Furnace
45:51 Chain Mail Armor
45:56 Chain Barding Armor
45:26 Fletching
45:36 Padded Archer Armor
50:27 Bodkin Arrow
50:47 Leather Archer Armor
54:46 Spies/Treason
brau_2846
10:05 Feudal Age
8:22 Loom
11:02 Horse Collar
11:11 Double-Bit Axe
11:21 Gold Mining
12:38 Wheelbarrow
11:58 Town Watch
20:04 Castle Age
22:29 Fletching
26:09 Heavy Plow
27:02 Bow Saw
30:04 Hand Cart
33:50 Imperial Age
33:21 Stone Mining
34:20 Gold Shaft Mining
34:24 Husbandry
34:29 Cavalier
35:49 Yeomen
36:05 Scale Barding Armor
36:23 Town Patrol
37:15 Chain Barding Armor
37:01 Scale Mail Armor
37:11 Padded Archer Armor
37:30 Bodkin Arrow
38:36 Ballistics
38:53 Forging
39:42 Plate Barding Armor
40:30 Iron Casting
40:42 Bracer
40:48 Bracer
42:25 Blast Furnace
41:54 Leather Archer Armor
43:26 Chemistry
44:28 Elite Longbowman
45:28 Crossbowman
46:25 Arbalester
49:42 Two-Man Saw
Connection lost

Rejoining the realm…

Still unreachable

The connection could not be restored.

Session expired

The server has moved on; the page needs a fresh start.